 Dungeon Crawl Stone Soup version 0.31.0-11-ge490571c62 (webtiles) character file.

Game seed: 483728623766048494

12310 hawla the Protected (level 11, -16/102 HPs)
             Began as a Minotaur Fighter on Feb 8, 2024.
             Was a Believer of Makhleb.
             Demolished by a tengu warrior
             ... wielding a +2 bardiche
              (18 damage)
             ... on level 13 of the Dungeon.
             The game lasted 00:35:25 (12954 turns).

hawla the Protected (Minotaur Fighter)             Turns: 12954, Time: 00:35:26

Health: -16/102    AC: 15    Str: 23    XL:     11   Next: 60%
Magic:  17/17      EV:  8    Int: 13    God:    Makhleb [**....]
Gold:   333        SH:  6    Dex: 10    Spells: 15/18 levels left

rFire   + . .        C - +1 flail (protect)
rCold   + . .        c - +1 buckler
rNeg    . . .        x - +0 plate armour
rPois   .            (helmet restricted)
rElec   +            (no cloak)
rCorr   +            H - +0 pair of gloves
SInv    .            (no boots)
Will    .....        o - amulet of the acrobat Stlth
                     r - ring of protection from cold
HPRegen 0.37/turn    y - ring "Heffest" {rElec rF+ rCorr Int+6}
MPRegen 0.15/turn

%: acrobat
@: mighty, silenced, on berserk cooldown, slowed, studying Spellcasting, very
slow
A: horns 2, retaliatory headbutt, robust 1, electricity resistance
a: Renounce Religion


You were on level 13 of the Dungeon.
You worshipped Makhleb.
Makhleb was pleased with you.
You visited 2 branches of the dungeon, and saw 14 of its levels.
You also visited: Bailey.

You collected 1867 gold pieces.
You spent 1534 gold pieces at shops.

Inventory:

Hand Weapons
 C - a +1 flail of protection (weapon)
Missiles
 g - 21 poisoned darts (quivered)
 i - 3 curare-tipped darts
 j - 3 throwing nets
 k - 4 datura-tipped darts
 l - 34 boomerangs
 q - 8 darts of dispersal
 w - 4 atropa-tipped darts
Armour
 c - a +1 buckler (worn)
 x - a +0 plate armour (worn)
 H - a +0 pair of gloves (worn)
Jewellery
 o - an amulet of the acrobat (around neck)
 r - a ring of protection from cold (left hand)
 u - a ring of wizardry
 y - the ring "Heffest" (right hand) {rElec rF+ rCorr Int+6}
   (You bought it in a shop on level 7 of the Dungeon)

   [ring of intelligence]

   Int+6:     It affects your intelligence (+6).
   rF+:       It protects you from fire.
   rElec:     It insulates you from electricity.
   rCorr:     It protects you from acid and corrosion.
 E - a +6 ring of intelligence
 I - an amulet of guardian spirit
Wands
 f - a wand of charming (9)
 G - a wand of light (7)
Scrolls
 s - a scroll of teleportation
 v - a scroll of brand weapon
 B - 3 scrolls of noise
 F - 2 scrolls of enchant armour
Potions
 a - a potion of curing
 d - 4 potions of might
 e - a potion of ambrosia
 h - 2 potions of enlightenment
 m - a potion of lignification
 n - 2 potions of resistance
 p - 2 potions of brilliance
 t - a potion of cancellation {unknown}
 D - 2 potions of haste {unknown}


   Skills:
 - Level 7.6 Fighting
 + Level 9.5 Maces & Flails
 - Level 6.0 Throwing
 - Level 10.0 Armour
 - Level 5.0 Dodging
 - Level 5.0 Shields
 - Level 4.0 Spellcasting
 - Level 3.3 Translocations
 - Level 10.0 Invocations
 - Level 5.0 Evocations


You had 15 spell levels left.
You knew the following spells:

 Your Spells              Type           Power      Damage    Failure   Level
a - Blink                 Tloc           22%        N/A       77%         2
b - Apportation           Tloc           22%        N/A       63%         1

Your spell library contained the following spells:

 Spells                   Type           Power      Damage    Failure   Level
 Lesser Beckoning         Tloc           22%        N/A       77%         2
 Momentum Strike          Conj/Tloc      12%        3d8       94%         2
 Kiss of Death            Conj/Necr      8%         2d6       97%         1
 Ensorcelled Hibernation  Hex/Ice        4%         N/A       99%         2
 Jinxbite                 Hex            4%         N/A       99%         2
 Confusing Touch          Hex            2%         N/A       100%        3
 Fugue of the Fallen      Necr           2%         N/A       100%        3
 Anguish                  Hex/Necr       1%         N/A       100%        4
 Animate Dead             Necr           2%         N/A       100%        4
 Dispel Undead            Necr           2%         3d7       100%        4
 Alistair's Intoxication  Alch           1%         N/A       100%        5
 Haunt                    Necr/Summ      1%         N/A       100%        7
 Infestation              Necr           1%         N/A       100%        8


Dungeon Overview and Level Annotations

Branches:
Dungeon (13/15)            Temple (1/1) D:5            Lair (0/5) D:11
 Bailey (visited)
    Orc: D:9-12      Vaults: D:13-14

Altars:
Ashenzari
Cheibriados
Dithmenos
Elyvilon
Fedhas
Gozag
Hepliaklqana
Kikubaaqudgha
Makhleb
Nemelex Xobeh
Okawaru
Qazlal
Ru
Sif Muna
Trog
Uskayaw
Vehumet
Wu Jian
Xom
Yredelemnul
Zin
The Shining One

Shops:
D:7 (*=:


Innate Abilities, Weirdness & Mutations

You have a pair of horns on your head.
You reflexively headbutt those who attack you in melee.
You are robust. (+10% HP)
You are resistant to electric shocks. (rElec)


Message History

You thump the tengu warrior! Your headbutt misses the tengu warrior.
The tengu warrior is moderately wounded.
The tengu warrior hits you with a +2 bardiche!
You block the tengu warrior's attack. x2
You closely miss the tengu warrior.
The tengu warrior is moderately wounded.
You miss the tengu warrior. Your headbutt misses the tengu warrior.
The tengu warrior is moderately wounded.
You are no longer berserk.
You are exhausted.
You feel yourself slow down. The tengu warrior closely misses you.
You block the tengu warrior's attack. The tengu warrior barely misses you.
You closely miss the tengu warrior. Your headbutt misses the tengu warrior.
The tengu warrior is moderately wounded.
The tengu warrior slips past you!
The tengu warrior hits you with a +2 bardiche.
The tengu warrior pecks you but does no damage.
The tengu warrior claws you but does no damage.
The tengu warrior hits you with a +2 bardiche!
* * * LOW HITPOINT WARNING * * *
You block the tengu warrior's attack. The tengu warrior barely misses you.
You feel very mighty all of a sudden.
The tengu warrior hits you but does no damage.
The tengu warrior pecks you but does no damage.
The tengu warrior claws you but does no damage.
You miss the tengu warrior. Your headbutt misses the tengu warrior.
The tengu warrior is moderately wounded.
The tengu warrior hits you but does no damage.
The tengu warrior pecks you but does no damage.
The tengu warrior completely misses you.
You miss the tengu warrior.
The tengu warrior is moderately wounded.
The tengu warrior hits you with a +2 bardiche!!
* * * LOW HITPOINT WARNING * * *
The tengu warrior pecks you.
* * * LOW HITPOINT WARNING * * *
The tengu warrior claws you.
* * * LOW HITPOINT WARNING * * *
The tengu warrior hits you with a +2 bardiche!!
You die...

*******,,,***,,*,*,,*,,,,,,**+***
,,,,,**,,,,,,,*,∩,*,+,,,,,,*,,,,,
,,,,,,*,,,,,,,,*,*,,*,,,,,,*,,,,,
,,,,,,*,,,,,,,,,*,,,*,,..,,*,,,,*
,,,,,,*,,,,,,,,,,,,,*,...,,*,,,,,
+******##############....,,***,,*
,,,,,,,..................,,,,,,,,
,,,,,,,.........Q.[......,,,,,,,,
,,,,,,,)........@.(......,,,,,,,,
,,,,,,,!.................,,,,,,,,
,,,,,,,..................,,,,,,,,
,,,,,,,..(...............,,,,,,,,
,,,,,,,..................********
*******+##....####+######*,,,,,,,
*,,,,#..!.*,,,,,,*,,,,,,,,,,,
*>,,,#....*,<,,,,*,,,,,,,,,,,
*,,,,#....########,,**,,*****


You could see a tengu warrior.

Vanquished Creatures
  An orc knight (Bailey)
  A manticore (D:13)
  A cyclops (D:13)
  A gargoyle (D:11)
  A komodo dragon (D:10)
  2 trolls
  A hornet (D:9)
  2 shadows
  25 yaks
  A wyvern (D:5)
  2 wraiths
  A vampire (D:11)
  2 steam dragons
  2 water moccasins (D:7)
  4 sky beasts
  3 ogres
  A black bear (D:6)
  2 orc warriors
  A centaur (D:8)
  4 kobold brigands
  4 bullfrogs
  A gnoll sergeant (D:7)
  4 wights (D:8)
  4 killer bees (D:11)
  2 howler monkeys
  A bombardier beetle (D:5)
  3 orc priests
  7 hounds
  3 jellies
  4 sleepcaps
  4 iguanas
  8 orc wizards
  Robin (D:1)
  15 adders
  11 gnolls
  A white imp (D:7)
  4 dart slugs
  2 ribbon worms (D:3)
  18 orcs
  9 endoplasms
  5 giant cockroaches
  18 goblins
  5 hobgoblins
  22 kobolds
  2 quokkas
  10 ball pythons
  7 bats
  9 frilled lizards
  7 rats
249 creatures vanquished.

Vanquished Creatures (collateral kills)
  3 orc warriors (Bailey)
  3 kobold brigands (Bailey)
  An orc priest (D:5)
  An adder (D:5)
  An orc (D:5)
  A goblin (D:8)
10 creatures vanquished.

Vanquished Creatures (others)
  A cyclops (D:11)
  A yak (D:9)
  2 orc wizards (D:5)
4 creatures vanquished.

Grand Total: 263 creatures vanquished

Notes
Turn   | Place    | Note
-------+----------+-------------------------------------------
     0 | D:1      | hawla the Minotaur Fighter began the quest for the Orb.
     0 | D:1      | Reached XP level 1. HP: 19/19 MP: 0/0
    95 | D:1      | Reached XP level 2. HP: 26/27 MP: 1/1
   135 | D:1      | Reached skill level 1 in Dodging
   275 | D:1      | Found a faded altar of an unknown god.
   642 | D:2      | Reached XP level 3. HP: 32/33 MP: 2/2
   897 | D:2      | Noticed Robin
   968 | D:1      | Killed Robin
   969 | D:1      | Reached XP level 4. HP: 27/41 MP: 3/3
  1870 | D:3      | Reached skill level 5 in Fighting
  1928 | D:3      | Reached skill level 5 in Shields
  1928 | D:3      | Reached XP level 5. HP: 39/48 MP: 4/4
  2557 | D:4      | Identified a scroll of acquirement
  2557 | D:4      | Acquired a manual of Spellcasting
  2594 | D:4      | Noticed an ogre
  3151 | D:4      | Reached XP level 6. HP: 56/56 MP: 5/5
  3245 | D:4      | Reached skill level 5 in Dodging
  3921 | D:5      | Entered Level 5 of the Dungeon
  3930 | D:5      | Reached skill level 1 in Evocations
  4078 | D:5      | Found a sacrificial altar of Ru.
  4083 | D:5      | Reached XP level 7. HP: 61/61 MP: 9/9
  4101 | D:5      | Noticed a wyvern
  4110 | D:5      | Killed a wyvern
  4379 | D:5      | Found a hide-covered altar of Uskayaw.
  4504 | D:5      | Found a staircase to the Ecumenical Temple.
  4526 | Temple   | Entered the Ecumenical Temple
  4567 | D:5      | Reached skill level 5 in Evocations
  4981 | D:5      | Reached skill level 5 in Armour
  4981 | D:5      | Reached XP level 8. HP: 68/68 MP: 10/10
  5194 | D:6      | Gained mutation: You are robust. (+10% HP) [potion of
                  | mutation]
  5194 | D:6      | Gained mutation: You are resistant to electric shocks.
                  | (rElec) [potion of mutation]
  5250 | D:6      | Found a stormy altar of Qazlal.
  5250 | D:6      | Found a hazy altar of Hepliaklqana.
  5250 | D:6      | Found a sparkling altar of Nemelex Xobeh.
  5299 | D:6      | Found a shimmering altar of Xom.
  5409 | D:6      | Found a radiant altar of Vehumet.
  5461 | D:6      | Found a bloodstained altar of Trog.
  5699 | D:6      | Noticed a blizzard demon
  5700 | D:6      | Found a burning altar of Makhleb.
  5703 | D:6      | Found a glowing silver altar of Zin.
  5703 | D:6      | Noticed an angel
  5706 | D:6      | Became a worshipper of Makhleb the Destroyer
  6106 | D:6      | Found an opulent altar of Gozag.
  6161 | D:6      | Found a shimmering blue altar of Sif Muna.
  6199 | D:7      | Reached XP level 9. HP: 88/88 MP: 10/13
  6241 | D:7      | Found an ornate altar of the Wu Jian Council.
  6293 | D:7      | Reached skill level 10 in Armour
  6340 | D:7      | Found Kooplurph's Book Emporium.
  6348 | D:7      | Bought a book of Spatial Translocations for 234 gold pieces
  6351 | D:7      | Learned a level 2 spell: Blink
  6353 | D:7      | Learned a level 1 spell: Apportation
  6539 | D:7      | Found Wimpub's Jewellery Shop.
  7312 | D:8      | Found a flagged portal.
  7333 | Bailey   | Entered a bailey
  7397 | Bailey   | Reached skill level 1 in Throwing
  7579 | Bailey   | Reached XP level 10. HP: 87/96 MP: 14/14
  7640 | Bailey   | Noticed an orc knight
  7651 | Bailey   | Reached * piety under Makhleb
  7662 | Bailey   | Found a burning altar of Makhleb.
  7676 | Bailey   | Killed an orc knight
  8720 | D:7      | Bought the ring "Heffest" {rElec rF+ rCorr Int+6} for 813
                  | gold pieces
  8765 | D:7      | Reached skill level 5 in Throwing
  9014 | D:7      | Found Ruafu Kergh's Assorted Antiques.
  9014 | D:7      | Found Intohas's Weapon Shop.
  9176 | D:7      | Found a broken altar of Ashenzari.
  9636 | D:8      | Reached ** piety under Makhleb
  9902 | D:9      | Reached XP level 11. HP: 92/102 MP: 16/16
 10180 | D:9      | Paralysed by a hornet for 1 turns
 10184 | D:9      | Paralysed by a hornet for 2 turns
 10480 | D:9      | Found a blossoming altar of Fedhas.
 10633 | D:7      | Bought a runed flail for 162 gold pieces
 10843 | D:10     | Entered Level 10 of the Dungeon
 11776 | D:11     | Reached skill level 10 in Invocations
 12214 | D:11     | Found a staircase to the Lair.
 12584 | D:11     | You fall into a shaft and drop 2 floors!
 12722 | D:7      | Bought a ring of protection from cold for 325 gold pieces
 12918 | D:13     | Noticed a phantasmal warrior
 12932 | D:13     | Noticed a tengu warrior
 12954 | D:13     | HP: 5/102 [tengu warrior/+2 bardiche (21)]
 12954 | D:13     | HP: 2/102 [tengu warrior/+2 bardiche (2)]
 12954 | D:13     | Demolished by a tengu warrior

Illustrated notes

Levels and vault maps discovered:
D:1:      dpeg_arrival_connections, layout_basic, ebering_ecumenical_altar_mist,
          hangedman_feature_mirror
D:2:      layout_basic, uniq_robin
D:3:      kb_forest_paths, layout_rooms, chequers_arboretum,
          minmay_misc_feat_ornament, serial_bayou_pond_a, chequers_big_river
D:4:      layout_cave_pods, serial_co_window_serial, co_window_paths_a,
          co_window_of_opportunity_a, co_window_of_opportunity_a,
          co_window_corner_a, co_window_paths_a, co_window_2corner,
          co_window_2corner, co_window_broadway_a, co_window_corner_ca,
          co_window_broadway_a, co_window_2corner, co_window_corner_b,
          co_window_paths_d, glass_columns_c, glass_columns_a
D:5:      layout_cave_pools, amcnicky_altar_gilded,
          nicolae_ru_great_annihilating_truth, minmay_temple_entry_arrows,
          nicolae_figureground_pulse
D:6:      layout_basic, grunt_temple_overflow_order_and_chaos_2,
          nicolae_gozag_cash_rules_everything_around_me, kennysheep_little_box,
          trog_three_pillars_becter, mainiacjoe_overflow_swirl,
          gammafunk_temple_overflow_forgotten, grunt_ministairs_8
D:7:      layout_basic, pdpol_wu_jian_five_deadly_venoms,
          mainiacjoe_overflow_surrounded_room, serial_shops,
          nicolae_shop_tiny_statue_garden, shop,
          nicolae_shop_just_a_little_nook, shop, st_stairs_3,
          nicolae_zig_zag_zippers
D:8:      layout_loops_ring, enter_bailey_5, serial_aquarium,
          aquarium_bridge_long_separate [aquarium_subvault_bridge,
          aquarium_subvault_bridge, aquarium_subvault_wall,
          aquarium_subvault_bridge, aquarium_subvault_window,
          aquarium_subvault_bridge], aquarium_window_corridor_2,
          aquarium_window_2, aquarium_window_fake, aquarium_window_1,
          aquarium_view_2c, aquarium_view_2d, aquarium_balcony_double_4
D:9:      layout_cross, pf_just_have_faith
D:10:     layout_loops_ring
D:11:     layout_cave_pods, lair_entry_dummy, serial_shops, shop
D:12:     layout_cave_pools, david_orc_1_choice, uniq_psyche
D:13:     layout_gridville, portal_ice_cave_entry_pillars_2, serial_glass,
          glass_columns_a, glass_columns_a,
          hellmonk_guarded_unrand_seven_league_boots, uniq_frances, uniq_urug,
          uniq_kirke
Temple:   nicolae_temple_great_sept

Skill      XL: |  1  2  3  4  5  6  7  8  9 10 11 |
---------------+----------------------------------+-----
Dodging        | 1 2 4 5 |  5.0
Fighting       | 4 5 7 |  7.6
Shields        | 4 5 |  5.0
Spellcasting   | 2 4 |  4.0
Evocations     | 2 5 |  5.0
Armour         | 5 9 10 | 10.0
Maces & Flails | 6 9 |  9.5
Translocations | 3 |  3.3
Invocations    | 6 7 8 10 | 10.0
Throwing       | 1 6 |  6.0

Action                     |  1- 3 |  4- 6 |  7- 9 | 10-12 || total
---------------------------+-------+-------+-------+-------++-------
  Melee: Flail             |    79 |   172 |   266 |   371 ||   888
         Headbutt          |    16 |    24 |    55 |   100 ||   195
  Throw: Dart              |       |     7 |    11 |     2 ||    20
         Throwing net      |       |     1 |       |       ||     1
         Boomerang         |       |       |    13 |     6 ||    19
   Cast: Blink             |       |       |     1 |     4 ||     5
  Evoke: Wand              |       |       |     5 |     7 ||    12
    Use: Scroll            |       |     8 |     6 |    13 ||    27
         Potion            |       |     2 |     3 |     4 ||     9
 Armour: Scale mail        |    59 |   118 |   171 |     7 ||   355
         Plate armour      |       |       |       |   465 ||   465
  Dodge: Dodged            |    41 |   104 |   163 |   204 ||   512
  Block: Buckler           |    20 |    41 |    72 |   147 ||   280
